 Dungeon Crawl Stone Soup version 0.32-a0-665-g3d30ec2550 (webtiles) character file.

Game seed: 15249065670196840799

40 shadizar the Digger (level 3, 0/19 HPs)
             Began as a Gargoyle Earth Elementalist on Mar 9, 2024.
             Slain by Terence
             ... wielding a +0 mace
              (7 damage)
             ... on level 2 of the Dungeon.
             The game lasted 00:01:42 (1289 turns).

shadizar the Digger (Gargoyle Earth Elementalist)   Turns: 1289, Time: 00:01:42

Health: 0/19       AC:  5    Str: 11    XL:     3   Next: 50%
Magic:  3/6        EV: 11    Int: 17    God:
Gold:   91         SH:  0    Dex: 10    Spells: 5/6 levels left

rFire   . . .        (no weapon)
rCold   . . .        (no shield)
rNeg    + . .        a - +0 robe
rPois   ∞            (no helmet)
rElec   +            c - scarf {repulsion}
rCorr   .            (no gloves)
SInv    .            (no boots)
Will    .....        (no amulet)
Stlth   ++           (no ring)
HPRegen 0.23/turn    (no ring)
MPRegen 0.10/turn

%: repel missiles
@: no status effects
A: sickness immunity, AC +3, negative energy resistance 1, electricity
resistance, torment resistance 1, petrification resistance
a: no special abilities


You were on level 2 of the Dungeon.
You visited 1 branch of the dungeon, and saw 2 of its levels.

You collected 91 gold pieces.

Inventory:

Armour
 a - a +0 robe (worn)
 c - a scarf of repulsion (worn)
Scrolls
 d - a scroll of revelation {unknown}
Potions
 e - a potion of mutation {unknown}


   Skills:
 - Level 1.5 Dodging
 - Level 2.1 Stealth
 - Level 2.1 Spellcasting
 - Level 1.6 Conjurations
 + Level 5.0 Earth Magic


You had 5 spell levels left.
You knew the following spells:

 Your Spells              Type           Power      Damage    Failure   Level
a - Sandblast             Erth           38%        2d10      2%          1

Your spell library contained the following spells:

 Spells                   Type           Power      Damage    Failure   Level
 Passwall                 Erth           19%        N/A       7%          3
 Magic Dart               Conj           28%        1d4       10%         1
 Searing Ray              Conj           14%        2d5       14%         2
 Stone Arrow              Conj/Erth      26%        3d8       14%         3
 Brom's Barrelling Bould  Conj/Erth      13%        2d4       43%         4
 Inner Flame              Hex/Fire       1%         N/A       50%         3
 Petrify                  Alch/Erth      10%        N/A       56%         4
 Fulminant Prism          Conj/Alch      2%         3d5       80%         4
 Manifold Assault         Tloc           1%         N/A       88%         4
 Irradiate                Conj/Alch      2%         3d12      98%         5
 Dispersal                Tloc           0%         N/A       100%        6
 Disjunction              Tloc           0%         N/A       100%        8
 Ignition                 Fire           0%         3d3       100%        8


Dungeon Overview and Level Annotations

Branches:
Dungeon (2/15)

Altars:

Annotations:
D:2 Terence


Innate Abilities, Weirdness & Mutations

You are immune to sickness and miasma.
Your stone body is resilient. (AC +3)
You are immune to poison.
You resist negative energy. (rN+)
You are resistant to electric shocks. (rElec)
You are resistant to unholy torment.
You are immune to petrification.


Message History

Casting: Sandblast (safe; 2% risk of failure)
Confirm with . or Enter, or press ? or * to list all spells.
Aiming: Sandblast (safe; 2% risk of failure)
Press: ? - help, Shift-Dir - straight line, f/p - Terence
Aim: Terence, wielding a +0 mace and wearing a +0 chain mail (heavily wounded, 87% to hit)
The blast of sand hits Terence but does no damage.
Terence is heavily wounded.
Terence closely misses you. Terence barely misses you.
Unknown command.
Unknown command.
Unknown command.
Unknown command.
Unknown command.
Unknown command.
Casting: Sandblast (safe; 2% risk of failure)
Confirm with . or Enter, or press ? or * to list all spells.
Aiming: Sandblast (safe; 2% risk of failure)
Press: ? - help, Shift-Dir - straight line, f/p - Terence
Aim: Terence, wielding a +0 mace and wearing a +0 chain mail (heavily wounded, 87% to hit)
The blast of sand hits Terence but does no damage.
Terence is heavily wounded.
A goblin comes into view. It is wielding a +1 dagger of speed.
Terence hits you but does no damage.
Unknown command.
Unknown command.
Unknown command.
Unknown command.
Unknown command.
Unknown command.
Unknown command.
Casting: Sandblast (safe; 2% risk of failure)
Confirm with . or Enter, or press ? or * to list all spells.
Aiming: Sandblast (safe; 2% risk of failure)
Press: ? - help, Shift-Dir - straight line, f/p - Terence
Aim: Terence, wielding a +0 mace and wearing a +0 chain mail (heavily wounded, 87% to hit)
The blast of sand hits Terence.
Terence is heavily wounded.
Terence hits you with a +0 mace!
You die...
Terence says, "Time to find some more victims."

###
..#########################
..'.............@@gJ.......
..#################........
..# #........ ..# #.......#
..# ........# ..# ........#
..# #.##.....# ..# #S
.....# ..# )# .....#


You could see Terence, an endoplasm and a hobgoblin.

Vanquished Creatures
  2 dart slugs
  6 endoplasms
  2 giant cockroaches (D:1)
  7 goblins
  3 hobgoblins
  2 jackals (D:2)
  A quokka (D:1)
  A ball python (D:1)
  3 bats
  2 kobolds
29 creatures vanquished.

Notes
Turn   | Place    | Note
-------+----------+-------------------------------------------
     0 | D:1      | shadizar the Gargoyle Earth Elementalist began the quest
                  | for the Orb.
     0 | D:1      | Reached XP level 1. HP: 10/10 MP: 3/3
   368 | D:1      | Reached XP level 2. HP: 15/15 MP: 1/5
   425 | D:1      | Found a faded altar of an unknown god.
   446 | D:1      | Reached skill level 4 in Earth Magic
  1007 | D:2      | Reached XP level 3. HP: 19/19 MP: 0/6
  1183 | D:2      | Reached skill level 5 in Earth Magic
  1272 | D:2      | Noticed Terence
  1289 | D:2      | Slain by Terence

Illustrated notes

Levels and vault maps discovered:
D:1:      matt_arrival_los_fun, layout_basic,
          shapermc_ecumenical_altar_notcrosses
D:2:      layout_basic, minmay_tall_x, uniq_robin, uniq_terence

Skill      XL: |  1  2  3 |
---------------+----------+-----
Earth Magic    | 4 5 |  5.0
Dodging        | |  1.5
Stealth        | |  2.1
Spellcasting   | |  2.1
Conjurations   | |  1.6

Action                     || total
---------------------------++-------
  Melee: Unarmed           ||     1
   Cast: Sandblast         ||    51
    Use: Potion            ||     1
 Armour: Robe              ||    12
  Dodge: Dodged            ||    10
         Repelled          ||     4

Table legend: (Time is in decaauts)
 A = Elapsed time spent in this place.
 B = Non-inter-level travel time spent in this place.
 C = Inter-level travel time spent in this place.
 D = Time resting spent in this place.
 E = Time spent auto-exploring this place.
 F = Levels seen in this place.
 G = Mean time per level.
                   A        B        C        D        E       F      G
               +--------+--------+--------+--------+--------+-----+--------+
         Total |   1313 |   1287 |     26 |      0 |   1094 |   2 |  656.5 |
       Dungeon |   1313 |   1287 |     26 |      0 |   1094 |   2 |  656.5 |
               +--------+--------+--------+--------+--------+-----+--------+

Top non-repeatable levels by time:
     D:1: 972 daAuts
     D:2: 341 daAuts
